[Event "Early-Titled-Tuesday-Blitz-February-20-2024"]
[Site "Chess.com"]
[Date "2024.02.20"]
[Round "4"]
[White "Kildepiotr"]
[Black "patzersame"]
[Result "1/2-1/2"]
[WhiteElo "2673"]
[BlackElo "2399"]
[TimeControl "180+1"]
[EndTime "8:39:26 PST"]
[Termination "Game drawn by repetition"]

1. Nf3 Nf6 2. g3 e6 3. Bg2 d5 4. O-O Be7 5. d3 O-O 6. Nbd2 c5 7. e4 dxe4 8. dxe4 Nc6 9. c3 b6 10. Qe2 Bb7 11. Rd1 Qc8 12. Nf1 Rd8 13. Bg5 h6 14.
Bxf6 Bxf6 15. Ne3 Ne5 16. Nxe5 Bxe5 17. f3 Qc7 18. f4 Bf6 19. e5 Be7 20. Nc4 Rxd1+ 21.
Rxd1 Rd8 22. Rxd8+ Bxd8 23. Nd6 Bxg2 24. Qxg2 Be7 25.
Qa8+ Qd8 26. Qxd8+ Bxd8 27. a4 a6 28. Kf2 Bc7 29.
Ne4 Kf8 30. Ke3 Ke7 31. b4 cxb4 32. cxb4 f6 33. exf6+ gxf6 34. b5 axb5 35. axb5 Bd6 36. g4 f5 37. Nxd6 Kxd6 38. g5 hxg5 39. fxg5 e5 40.
h4 Ke6 41. h5 Kf7 42. Kf3 Kg7 43. Kg3 Kh7 44. Kf3 Kg7 45. Ke3 Kh7 46. Kd3 Kg7 47. Kc4 f4 48. Kd3 f3 49. Ke3 e4 50.
Kf2 Kf7 51. Kg3 Ke6 52. h6 Kf7 53. h7 Kg7 54. g6 Kh8 55. Kf2 Kg7 56. Ke3 Kh8 57.
Kf2 Kg7 58. Ke3 Kh8 59. Kf2 1/2-1/2

[Event "Early-Titled-Tuesday-Blitz-February-20-2024"]
[Site "Chess.com"]
[Date "2024.02.20"]
[Round "4"]
[White "DarZay"]
[Black "DeArron_Fox"]
[Result "0-1"]
[WhiteElo "2304"]
[BlackElo "2513"]
[TimeControl "180+1"]
[EndTime "8:39:26 PST"]
[Termination "DeArron_Fox won by checkmate"]

1. e4 c5 2. Nf3 e6 3. d4 cxd4 4. Nxd4 a6 5. Nc3 b5 6. Be2 Bb7 7. Bf3 Nc6 8. e5 Qc7 9. Nxc6 Bxc6 10. Bf4 Bb4 11. O-O Bxc3 12. bxc3 Ne7 13. Qd4 Bxf3 14. gxf3 Nd5 15. Bd2 Rc8 16. Rad1 O-O 17. Kh1 Qc4 18. Qa7 Nxc3 19. Bxc3 Qxc3 20. Rd3 Qxc2 21. Qxd7 h6 22. Rd4 Qxa2 23. Rg4 Qe2 24. Rfg1 Qxf3+ 25. R4g2 g6 26.
Qe7 Rc4 27. Qd6 Rfc8 28. Qd2 Rg4 29. Qxh6 Rxg2 30. Rxg2 Rd8 31. h4 Rd1+ 32. Kh2 Rd4 33. Qg5 Qf4+ 34. Kh3 Qxg5 35. Rxg5 a5 36. Rg3 a4 37.
Rc3 b4 38. Rc8+ Kg7 39. Ra8 b3 40. Rb8 Rd2 41. f4 b2 42. Kg4 a3 43. f5 exf5+ 44.
Kg5 a2 45. Rb7 b1=Q 46. Rxb1 axb1=Q 47. h5 Qg1+ 48. Kh4 Rh2# 0-1

[Event "Early-Titled-Tuesday-Blitz-February-20-2024"]
[Site "Chess.com"]
[Date "2024.02.20"]
[Round "4"]
[White "ploxoi"]
[Black "ansko1999"]
[Result "0-1"]
[WhiteElo "2453"]
[BlackElo "2698"]
[TimeControl "180+1"]
[EndTime "8:39:27 PST"]
[Termination "ansko1999 won by resignation"]

1. d4 d6 2. Nf3 g6 3. c4 Bg7 4. e4 Nf6 5. Nc3 O-O 6. Be2 e5 7. d5 a5 8. O-O Na6 9. Be3 Nd7 10. Nd2 f5 11. f3 f4 12. Bf2 g5 13. a3 Rb8 14.
Rb1 h5 15. b4 axb4 16. axb4 b6 17. Na4 Rf6 18. c5 bxc5 19. bxc5 Rxb1 20. Qxb1 Naxc5 21. Nxc5 Nxc5 22. Rc1 Bf8 23. Bb5 Rg6 24. Qa2 g4 25.
Bxc5 dxc5 26. d6+ Be6 27. Bc4 Qxd6 28. Bxe6+ Qxe6 29. Qxe6+ Rxe6 30. Nc4 Kf7 31. Rd1 Bd6 32. Ra1 Re8 33. Ra6 Ke6 34. Na5 Rb8 35. h3 Rb1+ 36.
Kf2 Rb2+ 37. Kf1 gxf3 38. gxf3 Ra2 39. Ra8 Kd7 40. Ra7 c4 41. Nc6 Rxa7 42. Nxa7 c6 43. Ke2 Bc5 0-1

[Event "Early-Titled-Tuesday-Blitz-February-20-2024"]
[Site "Chess.com"]
[Date "2024.02.20"]
[Round "4"]
[White "CristianS27"]
[Black "N_I_Chess"]
[Result "0-1"]
[WhiteElo "2549"]
[BlackElo "2308"]
[TimeControl "180+1"]
[EndTime "8:39:28 PST"]
[Termination "N_I_Chess won by checkmate"]

1. e4 Nf6 2. e5 Nd5 3. d4 d6 4.
Nf3 dxe5 5. Nxe5 c6 6. Be2 Bf5 7. O-O Nd7 8. Nd3 e6 9. c4 Nc7 10. Nc3 Be7 11. Re1 O-O 12. Bf3 Bf6 13. Nf4 Nb6 14.
d5 cxd5 15. cxd5 Bxc3 16. bxc3 Ncxd5 17. Nxd5 Nxd5 18. Qb3 Qa5 19. Bb2 Nf4 20. Be4 Rad8 21. Ba3 Rfe8 22. Bb4 Qe5 23. Bxb7 Qf6 24. Bc6 Qg6 25. Qc4 Nd3 26. Bxe8 Nxe1 27. Bxf7+ Qxf7 28. Rxe1 Re8 29. Bc5 Qg6 30. Qf4 h6 31. Bd4 Kh7 32. Qe5 Rf8 33. Re3 Bg4 34. Rg3 Qb1+ 35. Qe1 Qxe1# 0-1

[Event "Early-Titled-Tuesday-Blitz-February-20-2024"]
[Site "Chess.com"]
[Date "2024.02.20"]
[Round "4"]
[White "Muslim_player_05"]
[Black "RamyresCoelho"]
[Result "0-1"]
[WhiteElo "2474"]
[BlackElo "2259"]
[TimeControl "180+1"]
[EndTime "8:39:29 PST"]
[Termination "RamyresCoelho won on time"]

1. d4 Nf6 2. c4 g6 3. Nc3 d5 4. cxd5 Nxd5 5. e4 Nxc3 6. bxc3 Bg7 7. Be3 O-O 8. Qd2 c5 9. Nf3 cxd4 10. cxd4 Nc6 11.
Rd1 Bg4 12. Be2 Bxf3 13. Bxf3 e5 14. d5 Nd4 15. Bxd4 exd4 16. O-O f5 17. exf5 Rxf5 18. Bg4 Rxd5 19. Be6+ Kh8 20. Bxd5 Qxd5 21. Rfe1 Rd8 22. Re7 d3 23. Rde1 Qb5 24. h4 h5 25. Rxg7 Kxg7 26.
Re7+ Kf6 27. Qe3 Qf5 28. Rh7 Rd7 29. Rh8 d2 30. Qc3+ Ke6 31. Re8+ Re7 32. Rxe7+ Kxe7 33. Qxd2 Qe6 34. Qb4+ Qd6 35. Qxb7+ Ke6 0-1

[Event "Early-Titled-Tuesday-Blitz-February-20-2024"]
[Site "Chess.com"]
[Date "2024.02.20"]
[Round "4"]
[White "lluiss"]
[Black "Atousa"]
[Result "1/2-1/2"]
[WhiteElo "2186"]
[BlackElo "2445"]
[TimeControl "180+1"]
[EndTime "8:39:29 PST"]
[Termination "Game drawn by repetition"]

1. Nf3 d5 2. d4 c6 3. c4 Nf6 4.
cxd5 cxd5 5. Nc3 Nc6 6. Bf4 Bf5 7. e3 e6 8. Bd3 Bxd3 9. Qxd3 Bd6 10. Bxd6 Qxd6 11. O-O O-O 12. h3 a6 13. Rfc1 b5 14.
Nd2 Na5 15. b3 Rfc8 16. Ne2 h6 17. Nf4 Nc6 18. Qc3 Ne7 19. Qb2 Nd7 20. Nd3 Nf5 21.
Rxc8+ Rxc8 22. Rc1 Qb8 23. Qa3 Rxc1+ 24. Qxc1 Qb7 25.
Nb4 Ne7 26. a3 a5 27. Nd3 Qc6 28. Qxc6 Nxc6 29. b4 axb4 30. axb4 Nb6 31. Kf1 Nc4 32. Ke2 Nxd2 33. Kxd2 Kf8 34. Kc3 Ke7 35. Ne5 Nxe5 36. dxe5 Kd7 37. Kd4 Kc6 38. Kc3 Kb6 39. Kd4 Kc6 40.
Kc3 f6 41. Kd4 h5 42. f4 h4 43. exf6 gxf6 44. e4 dxe4 45. Kxe4 Kd6 46. Kf3 f5 47. g3 hxg3 48. Kxg3 Ke7 49. Kf3 Kf6 50. h4 Kg6 51. Kg3 Kh5 52. Kh3 Kg6 53. Kg3 Kh5 54. Kh3 Kg6 55. Kg3 1/2-1/2

[Event "Early-Titled-Tuesday-Blitz-February-20-2024"]
[Site "Chess.com"]
[Date "2024.02.20"]
[Round "4"]
[White "komogro"]
[Black "Francesco_Bernoulli"]
[Result "1-0"]
[WhiteElo "2526"]
[BlackElo "2314"]
[TimeControl "180+1"]
[EndTime "8:39:30 PST"]
[Termination "komogro won by resignation"]

1. e4 c6 2. c4 d5 3. cxd5 cxd5 4. exd5 Nf6 5. Nc3 Nxd5 6. Bc4 Nb6 7. Bb3 Nc6 8. Nf3 Bf5 9. d4 e6 10. O-O Be7 11.
Re1 O-O 12. h3 Nb4 13. Ne5 N4d5 14. Be3 Nxe3 15. fxe3 Bg6 16. Rf1 Bf6 17. Ng4 Be7 18. Qf3 Rb8 19. Rad1 Bb4 20. Kh1 Qh4 21. e4 Bh5 22. d5 exd5 23. exd5 Bxc3 24. bxc3 Bxg4 25. Qxg4 Qxg4 26. hxg4 Nc8 27. d6 Nb6 28. Rde1 Nc8 29. d7 Nd6 30. Re7 Rbd8 31. Rd1 Nb5 32. c4 Nc7 33. c5 Na6 34. Rf1 Nxc5 35. Rfxf7 Rxf7 36.
Bxf7+ Kf8 37. Re8+ Kxf7 38. Rxd8 Ke7 39. Rg8 Nxd7 40.
Rxg7+ Kd6 41. Rxh7 b5 42. g5 Ne5 43. Rxa7 Ke6 44.
Rb7 Kf5 45. Rxb5 1-0

[Event "Early-Titled-Tuesday-Blitz-February-20-2024"]
[Site "Chess.com"]
[Date "2024.02.20"]
[Round "4"]
[White "Louis-Paulsen-Fan"]
[Black "ozen_metehan"]
[Result "1-0"]
[WhiteElo "2223"]
[BlackElo "2468"]
[TimeControl "180+1"]
[EndTime "8:39:31 PST"]
[Termination "Louis-Paulsen-Fan won by checkmate"]

1. d4 Nf6 2. Nf3 g6 3. c4 Bg7 4. Nc3 d5 5. cxd5 Nxd5 6. Qb3 Nxc3 7. bxc3 O-O 8. Ba3 b6 9. e3 c5 10. Be2 Bb7 11. O-O Nd7 12. Rad1 Qc7 13. d5 Ne5 14. c4 Nxf3+ 15. Bxf3 Rfd8 16. Bb2 Be5 17. h3 Qd6 18. Be2 Qf6 19. Bxe5 Qxe5 20. f4 Qf6 21. Bf3 Rac8 22. g3 Ba6 23. e4 e5 24. f5 b5 25.
fxg6 Qxg6 26. Bg4 bxc4 27. Qf3 Rc7 28. Bh5 Qg7 29. Kh2 Rb7 30. Rf2 Rdb8 31. Rdf1 Rf8 32.
Qa3 Bb5 33. Qxc5 Qg5 34. Rf5 Qd2+ 35. R1f2 Qd4 36. Qa3 c3 37. Qc1 Be8 38. Qg5+ Kh8 39. Qf6+ Kg8 40. Rg5# 1-0

[Event "Early-Titled-Tuesday-Blitz-February-20-2024"]
[Site "Chess.com"]
[Date "2024.02.20"]
[Round "4"]
[White "Alenzer"]
[Black "Schachmalanders"]
[Result "0-1"]
[WhiteElo "2143"]
[BlackElo "2457"]
[TimeControl "180+1"]
[EndTime "8:39:31 PST"]
[Termination "Schachmalanders won on time"]

1. e4 c6 2. Nc3 d5 3. Qe2 dxe4 4. Nxe4 e6 5. g3 Nd7 6. Bg2 Ngf6 7. f4 Nxe4 8. Bxe4 Nf6 9. Bg2 Bc5 10. Nf3 O-O 11. d3 b6 12. Bd2 Bb7 13. O-O-O a5 14. Ne5 Qc7 15. g4 Bd4 16. Bc3 Bxc3 17. bxc3 Nd5 18. Kb2 Nxf4 19. Qd2 Qxe5 20. Be4 f5 21. gxf5 exf5 22.
Bf3 Rae8 23. Rde1 Qc7 24. Rhg1 Rxe1 25. Rxe1 Ng6 26. d4 Qf7 27. Bh5 Re8 28. Rf1 Ba6 29. Rf2 Bc4 30. Qg5 Be6 31. h4 c5 32.
a4 cxd4 33. cxd4 Qe7 34. Qd2 Qb4+ 35. Qxb4 axb4 36. Bf3 Rd8 37. Rd2 Bd5 38. Be2 Nf4 39. Bb5 Ng2 40. c4 bxc3+ 41. Kxc3 Nxh4 42. Rh2 Nf3 43. Rf2 g5 44. Rf1 g4 45. Bd3 Be4 46. Be2 Kg7 47. Bc4 Nxd4 48. Rd1 Ne6 49. Rf1 Nc5 50. Bb5 g3 51. Rg1 g2 0-1

[Event "Early-Titled-Tuesday-Blitz-February-20-2024"]
[Site "Chess.com"]
[Date "2024.02.20"]
[Round "4"]
[White "Resignify"]
[Black "TioCridineno"]
[Result "0-1"]
[WhiteElo "2214"]
[BlackElo "2410"]
[TimeControl "180+1"]
[EndTime "8:39:31 PST"]
[Termination "TioCridineno won on time"]

1. e4 c5 2. Nc3 a6 3. g3 b5 4. Bg2 Bb7 5. d3 e6 6. Nf3 Nc6 7.
O-O g6 8. Be3 d6 9. Re1 Bg7 10.
e5 Nxe5 11. Nxe5 Bxg2 12. Nxf7 Kxf7 13. Kxg2 Qc7 14. Qf3+ Nf6 15. Ne4 Qe7 16. Bg5 h6 17. Bxf6 Bxf6 18. Re3 e5 19. Nxf6 Qxf6 20. Qb7+ Qe7 21.
Rf3+ Ke6 22. Qe4 Rhg8 23. c4 Raf8 24. Qd5+ Kd7 25. Qb7+ Ke6 26. Qxa6 Rxf3 27. Kxf3 b4 28. Qc6 Rf8+ 29. Kg2 Qf6 30. Rf1 g5 31. a3 bxa3 32. bxa3 g4 33. a4 Qf3+ 34. Qxf3 gxf3+ 35. Kh3 Ra8 36. Ra1 e4 37. Kg4 exd3 38. Kxf3 d5 39. cxd5+ Kxd5 40. Ke3 c4 41. Ra3 Ra5 42. f4 Kc5 43. g4 Kb4 44. Ra1 Kc3 45. f5 Ra6 46. h4 Kc2 47. g5 hxg5 48. hxg5 c3 49. g6 d2 50. g7 Ra8 51. f6 Re8+ 52. Kf2 d1=Q 53.
Rxd1 Kxd1 54. f7 Re2+ 55. Kf3 c2 56. f8=Q c1=Q 57. Qd8+ Rd2 58. Qe7 Qc3+ 59. Kf4 Rf2+ 60. Kg5 Rg2+ 61. Kh6 Rh2+ 62. Kg6 Rg2+ 63. Kf7 Rxg7+ 0-1

[Event "Early-Titled-Tuesday-Blitz-February-20-2024"]
[Site "Chess.com"]
[Date "2024.02.20"]
[Round "4"]
[White "jodarmarlon1985"]
[Black "m_ezat"]
[Result "0-1"]
[WhiteElo "2183"]
[BlackElo "2514"]
[TimeControl "180+1"]
[EndTime "8:39:31 PST"]
[Termination "m_ezat won on time"]

1. e4 e5 2. Nf3 Nc6 3. Bb5 Nge7 4. Nc3 d6 5. d4 Bd7 6. O-O a6 7. Be2 g6 8. Nd5 Bg7 9. Bg5 h6 10.
Bf6 O-O 11. Nxe7+ Nxe7 12. Bxg7 Kxg7 13. dxe5 dxe5 14. Nxe5 Be6 15. Qxd8 Rfxd8 16. Rfd1 f6 17. Bc4 fxe5 18. Bxe6 Kf6 19. Bb3 g5 20. f3 Ng6 21.
Kf2 Nf4 22. g3 Ng6 23. c3 Ne7 24. Rxd8 Rxd8 25. Rd1 Rxd1 26. Bxd1 Nc8 27. Ke3 Nd6 28. Be2 h5 29. f4 h4 30. f5 hxg3 31. hxg3 Nc8 32. b4 Ke7 33. Kf3 Nd6 34. Bd3 Kf6 35. Kg4 Ne8 36. Kh5 Ng7+ 37. Kh6 Ne8 38. a4 Nd6 39.
Kh7 Kf7 40. c4 Nc8 41. c5 Ne7 42. Bc4+ Kf6 43. g4 Nc6 44. Bd5 Nxb4 45. Bxb7 a5 46.
Kg8 Nd3 47. Kf8 Nxc5 48. Bc6 Nd3 49. Ke8 Nf2 50. Kd8 Nxg4 51. Kxc7 Ne3 52. Kb6 g4 53.
Bb5 g3 54. Bf1 Nxf1 55. Kxa5 g2 56. Kb6 g1=Q+ 0-1

[Event "Early-Titled-Tuesday-Blitz-February-20-2024"]
[Site "Chess.com"]
[Date "2024.02.20"]
[Round "4"]
[White "Durarbayli"]
[Black "Rud_2008"]
[Result "1-0"]
[WhiteElo "2974"]
[BlackElo "2728"]
[TimeControl "180+1"]
[EndTime "8:39:32 PST"]
[Termination "Durarbayli won by checkmate"]

1. c4 e5 2. g3 c6 3. d4 e4 4.
d5 Bb4+ 5. Bd2 Bxd2+ 6. Qxd2 Nf6 7. Nc3 d6 8. Nh3 Qe7 9. Nf4 O-O 10. h4 Ng4 11. e3 Na6 12. O-O-O Rd8 13. h5 h6 14. Kb1 Bf5 15. Bh3 Qf6 16. Bxg4 Bxg4 17. Rc1 Bf3 18.
Rhg1 Nc5 19. g4 a5 20. Rg3 Re8 21. Rcg1 Re5 22. Qd4 a4 23. Nh3 Nd3 24. g5 Qe7 25. dxc6 bxc6 26. gxh6 Qb7 27. Rxg7+ Kh8 28. Nb5 cxb5 29.
c5 Qd5 30. Ng5 Rf8 31. Qxd5 Rxd5 32. Rh7+ Kg8 33. Rg7+ Kh8 34. Nxf7+ Rxf7 35. Rxf7 dxc5 36. Rgg7 Rd6 37. Rh7+ Kg8 38. Rhg7+ Kh8 39. Rf8# 1-0

[Event "Early-Titled-Tuesday-Blitz-February-20-2024"]
[Site "Chess.com"]
[Date "2024.02.20"]
[Round "4"]
[White "AvitalBor"]
[Black "Shuvalov"]
[Result "1-0"]
[WhiteElo "2751"]
[BlackElo "2539"]
[TimeControl "180+1"]
[EndTime "8:39:33 PST"]
[Termination "AvitalBor won by resignation"]

1. a3 e5 2. c4 Nf6 3. Nc3 d5 4.
cxd5 Nxd5 5. g3 Nxc3 6. bxc3 Bd6 7. Bg2 O-O 8. Nf3 Nc6 9. d4 exd4 10. cxd4 Bf5 11. O-O Qe7 12. Bg5 Qd7 13. d5 Ne5 14.
Nd4 Bh3 15. Qb3 Bxg2 16. Kxg2 Rab8 17. e4 Rfe8 18. h3 Bc5 19. Rad1 c6 20. Nf5 Bf8 21. Bc1 cxd5 22. Rxd5 Qc6 23. Bb2 Ng6 24. Rc1 Qe6 25.
f3 Rec8 26. Rxc8 Rxc8 27. h4 h5 28. Qxb7 Rc2+ 29. Kh3 Ne7 30. Re5 Qc4 31. Nxe7+ Bxe7 32. Qb8+ Bf8 33. Rxh5 Qc8+ 34. Qxc8 Rxc8 35. Rb5 Rc2 36.
Kg4 f6 37. h5 Kf7 38. Kf5 Kg8 39. Rb7 Bc5 40. Kg6 Bb6 41. Rxg7+ Kf8 42. Bxf6 Rc6 43.
h6 Bd4 44. Rf7+ Ke8 45. h7 1-0

[Event "Early-Titled-Tuesday-Blitz-February-20-2024"]
[Site "Chess.com"]
[Date "2024.02.20"]
[Round "4"]
[White "ChainedDowntohell"]
[Black "sokidze"]
[Result "0-1"]
[WhiteElo "2558"]
[BlackElo "2788"]
[TimeControl "180+1"]
[EndTime "8:39:34 PST"]
[Termination "sokidze won on time"]

1. d4 d5 2. c4 e6 3. Nc3 a6 4. e3 Nf6 5. Nf3 Nbd7 6. b3 b6 7. Bb2 Bb7 8. Bd3 Bd6 9. O-O O-O 10. Qc2 dxc4 11. bxc4 c5 12. d5 exd5 13. Nxd5 Nxd5 14. Bxh7+ Kh8 15. cxd5 Nf6 16. Bf5 Nxd5 17. Rad1 Qe7 18. Be4 Nxe3 19. Qc3 f6 20. Qxe3 Bxe4 21. Rxd6 Qxd6 22.
Qxe4 Rfe8 23. Qg4 Qe6 24. Qg3 Qxa2 25. Ba1 Rad8 26. Nh4 Qc2 27. Ng6+ Kh7 28. Nf4 Rd1 29. Qh3+ Kg8 30. g3 Rxf1+ 31. Qxf1 Rd8 32. Qxa6 Rd1+ 33.
Kg2 Qe4+ 34. f3 Rd2+ 0-1

[Event "Early-Titled-Tuesday-Blitz-February-20-2024"]
[Site "Chess.com"]
[Date "2024.02.20"]
[Round "4"]
[White "RantomOpening"]
[Black "s-dshubin"]
[Result "1-0"]
[WhiteElo "2539"]
[BlackElo "2360"]
[TimeControl "180+1"]
[EndTime "8:39:34 PST"]
[Termination "RantomOpening won by checkmate"]

1. Nf3 d5 2. e3 Nf6 3. c4 e6 4. Nc3 c6 5. b3 Bd6 6. Bb2 O-O 7. d4 Nbd7 8. Be2 e5 9. dxe5 Nxe5 10. cxd5 cxd5 11.
O-O Nxf3+ 12. Bxf3 Be6 13. g3 Be5 14. Qd3 Rc8 15. Rac1 Qd7 16. Rfd1 Rfd8 17. Na4 Bxb2 18. Nxb2 Rxc1 19. Rxc1 Rc8 20. Rxc8+ Qxc8 21. Qd2 Ne4 22. Bxe4 dxe4 23. Nc4 Bxc4 24. bxc4 g6 25. Qd4 Qg4 26. a4 b6 27. Kf1 Qf3 28. Ke1 Qh1+ 29. Ke2 Qb1 30. Qd8+ Kg7 31. Qd4+ Kh6 32. Qd2 Qb3 33.
Qd4 Qc2+ 34. Kf1 f5 35. Kg2 Qd3 36. Qxd3 exd3 37. Kf1 Kg5 38. f3 Kf6 39. Ke1 Ke6 40. Kd2 Kd6 41. Kxd3 Kc5 42. e4 h5 43. e5 a6 44. Ke3 Kc6 45. Kf4 Kd7 46. Kg5 Ke6 47. f4 Kf7 48. h3 a5 49. h4 Kg7 50. e6 Kh7 51. e7 b5 52. e8=Q b4 53. Qf7+ Kh8 54.
Kxg6 b3 55. Qh7# 1-0

[Event "Early-Titled-Tuesday-Blitz-February-20-2024"]
[Site "Chess.com"]
[Date "2024.02.20"]
[Round "4"]
[White "FuenfgegenWilly"]
[Black "agvega14"]
[Result "1/2-1/2"]
[WhiteElo "2474"]
[BlackElo "2213"]
[TimeControl "180+1"]
[EndTime "8:39:34 PST"]
[Termination "Game drawn by repetition"]

1. e4 c5 2. Nc3 Nc6 3. f4 g6 4. Nf3 Bg7 5. Bb5 Nd4 6. O-O a6 7. Bd3 e6 8. Nxd4 cxd4 9. Ne2 Ne7 10. c3 dxc3 11. dxc3 d5 12. e5 h5 13. Nd4 Bd7 14. Kh1 Rc8 15. a4 Nc6 16. Be3 Na5 17. Nb3 Nc4 18. Bxc4 Rxc4 19. Bc5 Bxa4 20. Bd6 Bf8 21.
Rxa4 Rxa4 22. Nc5 Rc4 23. Bxf8 Kxf8 24. Nxb7 Qb6 25. Nd6 Rc7 26. Qa4 Qc6 27. Qa5 Kg7 28. Ra1 Rb8 29. Qa3 Qb6 30. b4 Qe3 31. Qxa6 Qxc3 32. h3 Rc6 33. Qa7 Rcb6 34. Qxf7+ Kh6 35. Ra7 Qe1+ 36. Kh2 R6b7 37. Rxb7 Rxb7 38. Nxb7 h4 39. Qf8+ Kh7 40. Qe7+ Kg8 41. Qd8+ Kh7 42. Qc7+ Kh6 43. Qc2 Qg3+ 44. Kg1 Qxf4 45. Nc5 Qd4+ 46. Kh1 Qxe5 47. b5 Qe1+ 48. Kh2 Qg3+ 49. Kg1 Qe1+ 50. Kh2 Qg3+ 51. Kg1 Qe1+ 52. Kh2 1/2-1/2

[Event "Early-Titled-Tuesday-Blitz-February-20-2024"]
[Site "Chess.com"]
[Date "2024.02.20"]
[Round "4"]
[White "Kirill_Klukin"]
[Black "ExtremeLearner"]
[Result "0-1"]
[WhiteElo "2840"]
[BlackElo "2598"]
[TimeControl "180+1"]
[EndTime "8:39:35 PST"]
[Termination "ExtremeLearner won by resignation"]

1. Nf3 d5 2. e3 Nf6 3. c4 e6 4. b3 Bd6 5. Bb2 b6 6. Nc3 a6 7. Qc2 Bb7 8. cxd5 exd5 9. Be2 Nbd7 10.
Rc1 Qe7 11. O-O h5 12. h3 Ne5 13. Nd4 g6 14. f4 Ned7 15. Bf3 O-O 16. Nde2 Rac8 17.
Nd1 Ba3 18. Nf2 Bxb2 19. Qxb2 Nc5 20. g4 hxg4 21. hxg4 Nfe4 22. Bxe4 Nxe4 23. Nxe4 Qxe4 24. Ng3 Qe6 25. f5 Qd6 26. Kf2 c5 27. d4 Rfe8 28. Rh1 Rxe3 29. Rh3 Qf4+ 30. Kg2 Qf3+ 31. Kh2 Rce8 32.
Rc2 Qxg4 33. dxc5 d4 34. Qxd4 Qxd4 35. fxg6 fxg6 36. Rc4 Qd1 0-1

[Event "Early-Titled-Tuesday-Blitz-February-20-2024"]
[Site "Chess.com"]
[Date "2024.02.20"]
[Round "4"]
[White "Yushko_Olga"]
[Black "Jakuboss22005"]
[Result "0-1"]
[WhiteElo "2199"]
[BlackElo "2482"]
[TimeControl "180+1"]
[EndTime "8:39:35 PST"]
[Termination "Jakuboss22005 won on time"]

1. d4 g6 2. c4 Bg7 3. Nf3 d6 4. Bg5 Bg4 5. e3 c6 6. Nc3 Nf6 7. Be2 O-O 8. Qc2 Bf5 9. e4 Bg4 10. O-O Nfd7 11. Rfd1 Na6 12. h3 Bxf3 13. Bxf3 c5 14.
dxc5 Naxc5 15. Rxd6 f6 16. Rxd7 Qxd7 17. Be3 Rac8 18.
Rd1 Qe8 19. b4 Ne6 20. c5 Qf7 21. e5 Ng5 22. Bxb7 Rcd8 23. e6 Qe8 24. c6 Rxd1+ 25. Nxd1 Qb8 26. Ba6 Qc7 27. f4 Nxe6 28. Bc4 Qxc6 29.
Qb3 Kf7 30. Bd5 Qd6 31. Bc5 Qd7 32. Nf2 Rd8 33. Bc4 f5 34. Nd3 Bd4+ 35. Bxd4 Qxd4+ 36. Kh2 Rd6 0-1

[Event "Early-Titled-Tuesday-Blitz-February-20-2024"]
[Site "Chess.com"]
[Date "2024.02.20"]
[Round "4"]
[White "LuisFSiles"]
[Black "BilicVladimir"]
[Result "0-1"]
[WhiteElo "2302"]
[BlackElo "2650"]
[TimeControl "180+1"]
[EndTime "8:39:36 PST"]
[Termination "BilicVladimir won by resignation"]

1. e4 e6 2. d4 d5 3. Nc3 Nf6 4. Bg5 Bb4 5. Ne2 dxe4 6. a3 Be7 7. g3 b6 8. Bg2 Bb7 9. O-O Nbd7 10. Re1 h6 11. Bf4 O-O 12. Qd2 c5 13. dxc5 Nxc5 14.
Rad1 Qxd2 15. Rxd2 Rad8 16. Red1 Rxd2 17. Rxd2 Rd8 18.
Rxd8+ Bxd8 19. b4 Ncd7 20. Bd6 Ne8 21. Bf4 f5 22. Be3 Nd6 23. Nd4 Kf7 24. Ncb5 Nc8 25.
c4 a6 26. Nc3 Nd6 27. Bf1 Ne5 28. c5 bxc5 29. bxc5 Ndc4 30. Bf4 g5 31. Bxe5 Nxe5 32.
Be2 Be7 33. Na4 Bc6 34. Nxc6 Nxc6 35. Bxa6 Nd4 36. Bb7 Ke8 37. Kf1 Kd8 38. Ke1 Kc7 39. Ba8 Nc2+ 40. Kd2 Nxa3 41. f3 exf3 42. Bxf3 Nc4+ 43.
Kc3 Ne5 44. Be2 f4 45. gxf4 gxf4 46. Kd4 Nd7 47. Ke4 e5 48. Bg4 Nf6+ 49. Kf3 Nxg4 50. Kxg4 Kc6 51. Kf3 Bxc5 52. Ke4 Bd4 53. h4 Kb5 54. h5 0-1

[Event "Early-Titled-Tuesday-Blitz-February-20-2024"]
[Site "Chess.com"]
[Date "2024.02.20"]
[Round "4"]
[White "LeninGuerra"]
[Black "conformalfunction"]
[Result "1-0"]
[WhiteElo "2559"]
[BlackElo "2364"]
[TimeControl "180+1"]
[EndTime "8:39:36 PST"]
[Termination "LeninGuerra won on time"]

1. e4 e6 2. d4 d5 3. Nd2 Nf6 4. e5 Nfd7 5. Bd3 c5 6. c3 Nc6 7. Ne2 cxd4 8. cxd4 f6 9. Nf3 fxe5 10. dxe5 Ndxe5 11. Nxe5 Nxe5 12. O-O Nxd3 13. Qxd3 Bd6 14. Nc3 O-O 15. Re1 Qf6 16. Be3 Bd7 17. Bd4 Qf5 18.
Rad1 Qxd3 19. Rxd3 Rae8 20. Be5 Bc5 21. Re2 Rf7 22.
Kf1 Ref8 23. f3 a6 24. a3 h6 25. b4 Be7 26. Ke1 g5 27. Kd2 Kh7 28. Kc2 Kg6 29. Kb3 Rc8 30. Rc2 Rff8 31. Re3 Bf6 32.
Ne2 Rxc2 33. Kxc2 Bxe5 34. Rxe5 Kf6 35. Re3 Rc8+ 36. Rc3 Rxc3+ 37. Nxc3 Bc6 38. a4 Ke5 39. b5 axb5 40. axb5 Bd7 41. Kd3 Kd6 42. Kd4 e5+ 43. Kd3 Kc5 44. b6 Bc6 45. Ne2 Kxb6 46. Ng3 Bd7 47.
Nh5 Kc5 48. Nf6 Bc6 49. Ng8 h5 50. Nf6 g4 51. fxg4 hxg4 52. Nxg4 Kd6 53. h4 Ke6 54. h5 Be8 55. h6 Bg6+ 56. Kc3 Kf5 57. Nf2 Kg5 58. Kb4 1-0

[Event "Early-Titled-Tuesday-Blitz-February-20-2024"]
[Site "Chess.com"]
[Date "2024.02.20"]
[Round "4"]
[White "DKmirl"]
[Black "Actuary44"]
[Result "0-1"]
[WhiteElo "2318"]
[BlackElo "2518"]
[TimeControl "180+1"]
[EndTime "8:39:36 PST"]
[Termination "Actuary44 won on time"]

1. d4 Nf6 2. Nf3 g6 3. g3 Bg7 4. Bg2 d6 5. O-O O-O 6. Nc3 Nc6 7. d5 Nb4 8. a3 Na6 9. Be3 e5 10. Bg5 Nc5 11. Nd2 h6 12. Bxf6 Bxf6 13. Nde4 Nxe4 14.
Nxe4 Bg7 15. c4 f5 16. Nc3 b6 17. Qc2 e4 18. b4 Qf6 19. Rac1 a5 20. c5 axb4 21.
axb4 bxc5 22. bxc5 Ba6 23. Rfe1 Qd4 24. c6 Rfb8 25. e3 Qc5 26. Bf1 Bxf1 27. Rxf1 Ra3 28. Nb1 Qxc2 29. Rxc2 Rd3 30. Rd2 Rxb1 31. Rxb1 Rxd2 32.
Rb8+ Kh7 33. Rb7 Rxd5 34. Rxc7 Rc5 35. Rc8 d5 36. Kf1 Rc2 37. Ke1 Be5 38. Kd1 Rxf2 39.
Re8 Bd6 40. Re6 Bb8 0-1

[Event "Early-Titled-Tuesday-Blitz-February-20-2024"]
[Site "Chess.com"]
[Date "2024.02.20"]
[Round "4"]
[White "nicolasbatista3"]
[Black "ChessSwole"]
[Result "1/2-1/2"]
[WhiteElo "2420"]
[BlackElo "2673"]
[TimeControl "180+1"]
[EndTime "8:39:37 PST"]
[Termination "Game drawn - insufficient material"]

1. d4 d5 2. c4 e6 3. Nc3 Nf6 4. Bg5 Be7 5. cxd5 exd5 6. e3 c6 7. Bd3 h6 8. Bf4 Bd6 9. Bxd6 Qxd6 10. h3 O-O 11. Nf3 Re8 12. Ne5 Nbd7 13. f4 c5 14. O-O cxd4 15. exd4 Qb6 16. Kh1 Qxb2 17. Nb5 Rb8 18.
Nd6 Rf8 19. Nxc8 Rbxc8 20. Rb1 Qxa2 21. Rxb7 Nb6 22. Qf3 Nc4 23. Bxc4 dxc4 24. d5 c3 25. d6 c2 26. d7 c1=Q 27. Rxc1 Rxc1+ 28. Kh2 Qd5 29. Qxd5 Nxd5 30. Nxf7 Nxf4 31. d8=Q Rxd8 32. Nxd8 a5 33.
Kg3 g5 34. Ra7 Rc2 35. Rxa5 Rxg2+ 36. Kf3 Rh2 37. Kg4 Rxh3 38. Kf5 Rd3 39. Nc6 Rd5+ 40. Rxd5 Nxd5 41. Kg6 g4 42. Kxh6 g3 43. Nd4 Kf7 44. Nf3 Kf6 45. Kh5 Kf5 46. Kh4 Kf4 47. Ng1 Nc3 48.
Kh3 Ne4 49. Ne2+ Kf3 50. Nxg3 1/2-1/2

[Event "Early-Titled-Tuesday-Blitz-February-20-2024"]
[Site "Chess.com"]
[Date "2024.02.20"]
[Round "4"]
[White "pr1105"]
[Black "rcmz"]
[Result "1-0"]
[WhiteElo "2394"]
[BlackElo "2171"]
[TimeControl "180+1"]
[EndTime "8:39:37 PST"]
[Termination "pr1105 won on time"]

1. e4 a6 2. d4 e6 3. Nc3 b5 4.
Bd3 Bb7 5. a4 b4 6. Nce2 c5 7.
c3 a5 8. Nf3 c4 9. Bxc4 Bxe4 10.
Ng3 Bg6 11. h4 h6 12. h5 Bh7 13. O-O Qc7 14. Qe2 Be7 15. Re1 Nf6 16. Ne5 O-O 17. Bf4 Qb7 18. Bb5 Nd5 19. Bd2 d6 20.
Nd3 bxc3 21. bxc3 Nc7 22. Bc4 Qc6 23. Ba2 Bf6 24. Qg4 Kh8 25. Nf4 d5 26. Bb1 Bxb1 27.
Rexb1 Nd7 28. Nd3 Rab8 29. Qf3 Rxb1+ 30. Rxb1 Rb8 31. Rxb8+ Nxb8 32. Bxh6 Qxa4 33. Bd2 Nd7 34. h6 g6 35. Bf4 Ne8 36. Be5 Qa1+ 37. Kh2 Qxc3 38.
Bxf6+ Nexf6 39. Ne5 Qxd4 40. Nxf7+ Kg8 41. Ng5 1-0